 Dungeon Crawl Stone Soup version 0.30-a0-949-g53dc5368d7 (webtiles) character file.

Game seed: 240734001062693876

35 miket3c the Shooter (level 3, -3/18 HPs)
             Began as a Spriggan Hunter on Mar 27, 2023.
             Slain by Natasha (9 damage)
             ... on level 2 of the Dungeon.
             The game lasted 00:01:38 (1119 turns).

miket3c the Shooter (Spriggan Hunter)               Turns: 1119, Time: 00:01:38

Health: -3/18      AC:  2    Str:  7    XL:     3   Next: 17%
Magic:  4/4        EV: 18    Int: 10    God:
Gold:   26         SH:  0    Dex: 20    Spells: 2/2 levels left

rFire   . . .      SeeInvis +    a - +0 shortbow
rCold   . . .      Faith    .    (shield currently unavailable)
rNeg    . . .      Spirit   .    c - +0 robe
rPois   .          Reflect  .    (helmet restricted)
rElec   .          Rampage  .    (no cloak)
rCorr   .                        (gloves unavailable)
Will    .....                    (boots unavailable)
Stlth   ++                       (no amulet)
HPRegen 0.23/turn                (no ring)
MPRegen 0.09/turn                (no ring)

@: slowed, quick
A: very small, no large weapons, unfitting armour, see invisible, speed 3
a: no special abilities


You were on level 2 of the Dungeon.
You visited 1 branch of the dungeon, and saw 2 of its levels.

You collected 26 gold pieces.

Inventory:

Hand Weapons
 a - a +0 shortbow (weapon)
 j - a +1 sling of draining
Armour
 c - a +0 robe (worn)
Jewellery
 i - a +6 ring of dexterity
Scrolls
 b - a scroll of immolation
Potions
 d - 2 potions of resistance
 e - 2 potions of attraction
 f - a potion of degeneration {unknown}


   Skills:
 + Level 1.9 Fighting
 * Level 4.4 Ranged Weapons
 + Level 3.2 Dodging
 + Level 2.6 Stealth


You had 2 spell levels left.
You didn't know any spells.
Your spell library contained the following spells:

 Spells                   Type           Power      Damage    Failure   Level
 Apportation              Tloc           0%         N/A       36%         1
 Dazzling Flash           Conj/Hex       0%         N/A       75%         3
 Iskenderun's Mystic Bla  Conj/Tloc      0%         2d3       98%         4
 Alistair's Intoxication  Tmut/Pois      0%         N/A       100%        5
 Starburst                Conj/Fire      0%         6d3       100%        6


Dungeon Overview and Level Annotations

Branches:
Dungeon (2/15)

Altars:

Annotations:
D:2 Natasha


Innate Abilities, Weirdness & Mutations

You are very small and have problems with some larger weapons.
You are too small for most types of armour.
You have supernaturally acute eyesight. (SInv)
You cover ground extremely quickly. (Speed+++)


Message History

The arrow hits Natasha but does no damage.
You shoot an arrow. The arrow hits Natasha.
Natasha is lightly wounded.
Natasha stares at you and mumbles some strange words.
The magic dart hits you.
You shoot an arrow.
The arrow hits Natasha but does no damage.
Natasha is lightly wounded.
You shoot an arrow. The arrow hits Natasha.
Natasha is moderately wounded.
You shoot an arrow. The arrow closely misses Natasha.
Natasha casts a spell at you.
You feel yourself slow down.
Natasha mumbles some strange words.
You shoot an arrow. The arrow barely misses Natasha.
The crimson imp blinks!
Natasha mumbles some strange words.
Natasha's front paws start to glow.
You shoot an arrow. The arrow hits Natasha!
Natasha is severely wounded.
Natasha claws you.
Natasha growls.
Natasha misses you. Natasha attacks as you move away!
Natasha completely misses you. Natasha attacks as you move away!
Natasha claws you!
* * * LOW HITPOINT WARNING * * *
You are too injured to fight recklessly!
Natasha attacks as you move away! Natasha claws you but does no damage.
You see here a +0 dagger.
You are too injured to fight recklessly!
You are too injured to fight recklessly!
Fire: a) +0 shortbow
Press: ? - help, Q - select action Shift-Dir - straight line, f/p - Natasha
Aim: Natasha (severely wounded, 58% to hit)
Okay, then.
You shoot an arrow.
The arrow hits Natasha but does no damage.
Natasha is severely wounded.
Natasha claws you!
Ouch! That really hurt!
You die...

..........# ###.# .###......#
#...# ,,.#.###..# #...#
,*........# #...# .....####.#
##.## .####* #.####### #5#
,,#######.#.....# #.#
,,..............####.#
,,#######.#.....@h.5.#
,,,,,,,...#.....######
,,****###.#.....# ,,* #.#######
,,* *#.#* ******************* ,,*
**...****,,,,,,,,,,,,,,,,,,
,,*****,...,,,,,*********,***,***
,,,,,,,*,,,****** *,* *,*
,*****,**,** *,* *,*


You could see Natasha and a crimson imp (summoned).

Vanquished Creatures
  A dart slug (D:1)
  3 ball pythons
  3 bats
  4 endoplasms
  2 giant cockroaches (D:2)
  2 hobgoblins (D:1)
  5 jackals (D:1)
  2 quokkas
  2 goblins (D:1)
  3 kobolds (D:1)
27 creatures vanquished.

Notes
Turn   | Place    | Note
-------+----------+-------------------------------------------
     0 | D:1      | miket3c the Spriggan Hunter began the quest for the Orb.
     0 | D:1      | Reached XP level 1. HP: 10/10 MP: 2/2
   363 | D:1      | Reached XP level 2. HP: 15/15 MP: 3/3
  1001 | D:2      | Reached XP level 3. HP: 18/18 MP: 4/4
  1102 | D:2      | Noticed Natasha
  1119 | D:2      | Slain by Natasha

Illustrated notes

Levels and vault maps discovered:
D:1:      dpeg_chamrin_arrival_tetris, layout_basic
D:2:      layout_loops_ring, shapermc_ecumenical_altar_notcrosses, uniq_natasha

Skill      XL: |  1  2 |
---------------+-------+-----
Stealth        | 2 |  2.6
Dodging        | 3 |  3.2
Fighting       | |  1.9
Ranged Weapons | |  4.4

Action                     || total
---------------------------++-------
   Fire: Shortbow          ||    58
    Use: Scroll            ||     3
 Armour: Robe              ||     6
  Dodge: Dodged            ||    20

Table legend: (Time is in decaauts)
 A = Elapsed time spent in this place.
 B = Non-inter-level travel time spent in this place.
 C = Inter-level travel time spent in this place.
 D = Time resting spent in this place.
 E = Time spent auto-exploring this place.
 F = Levels seen in this place.
 G = Mean time per level.
                   A        B        C        D        E       F      G
               +--------+--------+--------+--------+--------+-----+--------+
         Total |    763 |    735 |     28 |    100 |    495 |   2 |  381.5 |
       Dungeon |    763 |    735 |     28 |    100 |    495 |   2 |  381.5 |
               +--------+--------+--------+--------+--------+-----+--------+

Top non-repeatable levels by time:
     D:1: 648 daAuts
     D:2: 115 daAuts
